 Dungeon Crawl Stone Soup version 0.26-a0-542-gbaa144ba5c (webtiles) character file.

Game seed: 15233668889200716030

51526 BeastOfSaturn the Fencer (level 14, -1/101 HPs)
             Began as a Demonspawn Fighter on Aug 18, 2020.
             Was the Champion of Hepliaklqana.
             Slain by a meliai
             ... wielding a +0 war axe
              (13 damage)
             ... on level 12 of the Dungeon.
             The game lasted 00:51:58 (17971 turns).

BeastOfSaturn the Fencer (Demonspawn Fighter)      Turns: 17971, Time: 00:51:59

Health: -1/101     AC: 24    Str: 17    XL:     14   Next: 23%
Magic:  20/20      EV: 14    Int: 17    God:    Hepliaklqana [******]
Gold:   1155       SH:  0    Dex: 13    Spells: 16/21 levels left

rFire    . . .     SeeInvis .   Q - +2 great sword (flame)
rCold    . . .     Faith    .   (shield currently unavailable)
rNeg     . . .     Spirit   .   A - +8 chain mail of Wofuuh {Harm +Fly rCorr}
rPois    .         Reflect  .   x - +1 helmet {Int+3}
rElec    .         Harm     +   (no cloak)
rCorr    +                      (gloves unavailable)
MR       +....                  (no boots)
Stlth    ..........             G - amulet of regeneration
HPRegen  0.66/turn              K - +4 ring of protection
MPRegen  0.17/turn              n - +4 ring of evasion

@: no status effects
A: reduced essence, claws 3, demonic guardian 1, spiny 2
a: Recall Ancestor, Ancestor Identity, Transference, Idealise, Renounce
Religion, Evoke Flight


You were on level 12 of the Dungeon.
You worshipped Hepliaklqana.
Hepliaklqana was exalted by your worship.
You visited 3 branches of the dungeon, and saw 18 of its levels.
You also visited: Volcano.

You collected 2121 gold pieces.
You spent 966 gold pieces at shops.

Inventory:

Hand Weapons
 Q - a +2 great sword of flaming (weapon)
Armour
 v - a +4 plate armour of fire resistance
 x - a +1 helmet of intelligence (worn)
 A - the +8 chain mail of Wofuuh (worn) {Harm +Fly rCorr}
   (You found it on level 4 of the Dungeon)

   It lets you fly.
   It provides partial protection from all sources of acid and corrosion.
   It increases damage dealt and taken.
Jewellery
 a - an uncursed ring of ice
 b - an uncursed ring of protection from fire
 n - a +4 ring of evasion (right claw)
 q - an uncursed amulet of reflection
 y - an uncursed ring of poison resistance
 G - an amulet of regeneration (around neck)
 K - a +4 ring of protection (left claw)
Wands
 r - a wand of random effects (67)
 u - a wand of acid (7)
 B - a wand of enslavement (4)
 E - a wand of digging (8)
 F - a wand of flame (12)
 O - a wand of iceblast (13)
Scrolls
 f - 4 scrolls of amnesia
 h - 15 scrolls of identify
 i - 2 scrolls of magic mapping
 k - 10 scrolls of remove curse
 m - 9 scrolls of teleportation
 I - 3 scrolls of fear
 M - a scroll of blinking
 P - 5 scrolls of enchant armour
Potions
 d - 4 potions of might
 e - 4 potions of haste
 g - 3 potions of lignification
 j - 4 potions of mutation
 o - a potion of ambrosia
 p - 6 potions of curing
 t - 2 potions of invisibility
 w - 5 potions of flight
 z - 2 potions of magic
 C - 2 potions of heal wounds
 D - 4 potions of brilliance
 L - a potion of cancellation
 N - 2 potions of berserk rage


   Skills:
 * Level 11.5 Fighting
 * Level 16.1 Long Blades
 - Level 7.0 Armour
 * Level 7.3 Dodging
   Level 2.6 Shields
 - Level 4.0 Spellcasting
 * Level 6.3 Conjurations
 - Level 1.2 Evocations


You had 16 spell levels left.
You knew the following spells:

 Your Spells              Type           Power        Failure   Level
a - Bolt of Magma         Conj/Fire/Erth ##........   100%        5

Your spell library contained the following spells:

 Spells                   Type           Power        Failure   Level
 Dazzling Flash           Conj/Hex       ##....       83%         3
 Beastly Appendage        Tmut           #.....       88%         1
 Corona                   Hex            #......      88%         1
 Summon Small Mammal      Summ           #...         88%         1
 Call Imp                 Summ           #.......     95%         2
 Ensorcelled Hibernation  Hex/Ice        #.....       95%         2
 Slow                     Hex            #.......     95%         2
 Wereblood                Tmut           #.......     95%         2
 Iskenderun's Battlesphe  Conj           ###.....     98%         5
 Call Canine Familiar     Summ           #.......     99%         3
 Confusing Touch          Hex            #.......     99%         3
 Summon Guardian Golem    Hex/Summ       #.......     99%         3
 Tukima's Dance           Hex            #.......     99%         3
 Petrify                  Tmut/Erth      #.......     100%        4
 Summon Ice Beast         Ice/Summ       #.......     100%        4
 Summon Lightning Spire   Summ/Air       #.......     100%        4
 Metabolic Englaciation   Hex/Ice        #.........   100%        5
 Eringya's Noxious Bog    Tmut/Pois      #.........   100%        6
 Iron Shot                Conj/Erth      ##........   100%        6
 Orb of Destruction       Conj           ###.......   100%        7
 Spellforged Servitor     Conj/Summ      ##........   100%        7


Dungeon Overview and Level Annotations

Branches:
Dungeon (12/15)            Temple (0/1) D:7            Lair (5/6) D:11
  Swamp (0/4) Lair:3        Snake (0/4) Lair:2          Orc (1/2) D:9
Volcano (visited)
  Slime: Lair:5-6

Altars:
Dithmenos
Fedhas
Gozag
Hepliaklqana
Uskayaw
Wu Jian
Xom
Beogh

Shops:
D:4 [   D:9 [((:   D:10 *


Innate Abilities, Weirdness & Mutations

You have claws for hands.
A weak demonic guardian rushes to your aid.
You are mostly covered in sharp spines.
Your life essence is reduced to manifest your ancestor. (-10% HP)


Message History

The meliai calls down the wrath of its god upon you.
Something smites you!
* * * LOW HITPOINT WARNING * * *
The killer bee stings Titan!
Titan closely misses the killer bee.
You barely miss the killer bee.
The killer bee stings Titan!
Titan is destroyed!
The killer bee stings you but does no damage.
You miss the killer bee. The killer bee stings your shadow imp!
Your shadow imp dies!
The meliai mumbles some strange prayers to its god against you.
Something smites you!
* * * LOW HITPOINT WARNING * * *
The killer bee is struck by your spines.
The killer bee stings you but does no damage.
You closely miss the killer bee.
The killer bee is almost dead.
The killer bee is struck by your spines.
You kill the killer bee!
The meliai hits you with a +0 war axe!
You die...

.†.. ..$# ...# ... ..#
o.# ##y# ## ####@†# .#
#....## #######.#####
###'#######...........#
#....####.............#
#....'....#R..........#
+...>######...........#
#....# #....<.......
#....# #...........#
#....# #...........#


You could see a meliai and an orc.

Vanquished Creatures
  An orc warlord (Orc:1)
  2 entropy weavers (Lair:4)
  A fire dragon (Volcano)
  Fannar (Lair:3)
  5 hydras
  A centaur warrior (D:9)
  3 two-headed ogres
  A hell hog (Volcano)
  A skeletal warrior (D:7)
  An obsidian statue (Lair:2)
  Pikel (D:6)
  An orange crystal statue (D:11)
  An orc knight (Orc:1)
  2 ugly things (D:11)
  An oklob plant (Lair:3)
  A manticore (D:12)
  A black mamba (Lair:4)
  6 cane toads
  A rime drake (Lair:5)
  2 komodo dragons (Lair:4)
  5 trolls
  A queen bee (D:12)
  4 polar bears
  2 meliai (D:12)
  3 blink frogs (Lair:2)
  Grinder (D:6)
  3 tyrant leeches (Lair:3)
  A slime creature (D:9)
  Prince Ribbit (D:6)
  5 dream sheep
  5 hippogriffs
  A vampire (D:10)
  3 wyverns
  2 wraiths
  5 fire bats (Volcano)
  21 yaks
  A vampire mosquito (D:9)
  A steam dragon (Volcano)
  A swamp worm (Lair:3)
  4 wargs (Orc:1)
  2 hell hounds (Volcano)
  23 soldier ants
  13 water moccasins
  12 porcupines
  15 orc warriors
  5 ice beasts
  4 sky beasts
  A necrophage (D:9)
  15 ogres
  6 phantoms
  21 wolves
  4 centaurs
  3 crocodiles
  Blork the orc (D:6)
  3 big kobolds (D:9)
  11 bullfrogs
  4 gnoll sergeants (D:9)
  6 scorpions
  31 killer bees
  8 wights
  A howler monkey (D:5)
  A quasit (D:9)
  2 lava snakes (Volcano)
  3 hounds
  A bullfrog zombie (D:11)
  8 orc priests
  2 jellies
  2 bullfrog skeletons
  2 centaur skeletons
  4 iguanas
  13 orc wizards
  23 worker ants
  A killer bee zombie (D:6)
  2 hound skeletons
  8 gnolls
  13 adders
  2 shadow imps
  5 white imps
  2 ufetubi
  An ooze (D:3)
  An adder zombie (D:8)
  2 adder skeletons
  2 worms (D:2)
  2 dart slugs
  3 leopard geckos
  73 orcs
  7 bats
  2 giant cockroaches
  13 goblins
  7 hobgoblins
  12 jackals
  4 quokkas
  A ball python (D:4)
  7 frilled lizards
  5 kobolds
  A quokka skeleton (D:7)
  A quokka zombie (D:5)
  4 rats
535 creatures vanquished.

Vanquished Creatures (collateral kills)
  A hydra (Lair:2)
  A queen ant (Lair:4)
  A cyclops (Orc:1)
  2 molten gargoyles (Volcano)
  A cane toad (Lair:1)
  A rime drake (Lair:5)
  A komodo dragon (Lair:5)
  2 trolls
  2 polar bears (Lair:3)
  A dream sheep (Lair:5)
  A hippogriff (Lair:1)
  A yak (Lair:4)
  Menkaure (D:5)
  2 soldier ants (Lair:5)
  An orc warrior (Orc:1)
  2 phantoms
  2 wolves (Lair:4)
  A crocodile (Lair:5)
  A bullfrog (D:8)
  A gnoll sergeant (D:9)
  A killer bee (D:12)
  2 electric eels (Lair:3)
  3 lava snakes (Volcano)
  An orc priest (D:10)
  An orc wizard (Orc:1)
  A centaur skeleton (D:5)
  3 worker ants
  An adder (D:8)
  A leopard gecko (D:11)
  11 orcs
51 creatures vanquished.

Vanquished Creatures (others)
  An ancestor (D:7)
  3 hexers
  2 fungi
6 creatures vanquished.

Grand Total: 592 creatures vanquished

Notes
Turn   | Place    | Note
-------+----------+-------------------------------------------
     0 | D:1      | BeastOfSaturn the Demonspawn Fighter began the quest for
                  | the Orb.
     0 | D:1      | Reached XP level 1. HP: 18/18 MP: 1/1
   657 | D:2      | Gained mutation: You are partially covered in sharp spines.
                  | [demonic ancestry]
   657 | D:2      | Reached XP level 2. HP: 24/24 MP: 2/2
   671 | D:2      | Reached skill level 2 in Long Blades
   849 | D:2      | Reached XP level 3. HP: 25/29 MP: 3/3
  1298 | D:1      | Reached skill level 3 in Long Blades
  1298 | D:1      | Reached XP level 4. HP: 21/35 MP: 4/4
  1512 | D:2      | HP: 1/35 [gnoll/+0 halberd (5)]
  1519 | D:2      | Reached skill level 1 in Dodging
  2361 | D:3      | Gained mutation: You have sharp fingernails. [demonic
                  | ancestry]
  2361 | D:3      | Reached XP level 5. HP: 42/42 MP: 5/5
  3037 | D:4      | Noticed a phantom
  3056 | D:4      | Killed a phantom
  3056 | D:4      | Reached skill level 4 in Long Blades
  3056 | D:4      | Gained mutation: You have very sharp fingernails. [demonic
                  | ancestry]
  3056 | D:4      | Reached XP level 6. HP: 48/48 MP: 6/6
  3061 | D:4      | Found Xuseddy's Armour Shoppe.
  3070 | D:4      | Bought a +0 helmet of intelligence for 126 gold pieces
  3743 | D:4      | Found a hazy altar of Hepliaklqana.
  3747 | D:4      | Found an ornate altar of the Wu Jian Council.
  3752 | D:4      | Found a blossoming altar of Fedhas.
  3762 | D:4      | Became a worshipper of Hepliaklqana the Forgotten
  3890 | D:4      | Reached skill level 5 in Long Blades
  3890 | D:4      | Reached XP level 7. HP: 48/49 MP: 7/7
  3928 | D:4      | Got a spiked chain mail
  3939 | D:4      | Identified the +8 chain mail of Wofuuh {Harm +Fly rCorr}
                  | (You found it on level 4 of the Dungeon)
  3976 | D:5      | Entered Level 5 of the Dungeon
  4296 | D:5      | Noticed Menkaure
  4302 | D:5      | Killed Menkaure
  4804 | D:6      | Reached skill level 6 in Long Blades
  4804 | D:6      | Gained mutation: You are mostly covered in sharp spines.
                  | [demonic ancestry]
  4804 | D:6      | Reached XP level 8. HP: 35/54 MP: 8/8
  4995 | D:6      | Reached skill level 5 in Fighting
  4995 | D:6      | Reached skill level 5 in Armour
  5236 | D:6      | Noticed Prince Ribbit
  5323 | D:6      | Noticed Blork the orc
  5331 | D:6      | Killed Blork the orc
  5348 | D:6      | Killed Prince Ribbit
  5459 | D:6      | Noticed Pikel
  5479 | D:6      | Killed Pikel
  5479 | D:6      | Reached skill level 7 in Long Blades
  5619 | D:6      | Noticed Grinder
  5631 | D:6      | Killed Grinder
  5631 | D:6      | Reached XP level 9. HP: 38/62 MP: 9/9
  6067 | D:6      | Reached skill level 8 in Long Blades
  6309 | D:7      | Found a shadowy altar of Dithmenos.
  6480 | D:7      | Found a staircase to the Ecumenical Temple.
  6602 | D:7      | Reached * piety under Hepliaklqana
  6613 | D:7      | Noticed a skeletal warrior
  6613 | D:7      | Noticed a troll
  6629 | D:7      | Reached skill level 9 in Long Blades
  6631 | D:7      | Killed a troll
  6639 | D:7      | Killed a skeletal warrior
  6639 | D:7      | Gained mutation: You have claws for hands. [demonic
                  | ancestry]
  6639 | D:7      | Reached XP level 10. HP: 51/69 MP: 10/10
  6683 | D:7      | Learned a level 5 spell: Bolt of Magma
  7117 | D:8      | Reached skill level 10 in Long Blades
  7131 | D:8      | Found a hide-covered altar of Uskayaw.
  7154 | D:8      | Found an opulent altar of Gozag.
  7515 | D:8      | Reached skill level 1 in Conjurations
  7612 | D:8      | Noticed a two-headed ogre
  7623 | D:8      | Killed a two-headed ogre
  7623 | D:8      | Reached skill level 1 in Spellcasting
  7922 | D:8      | Found a roughly hewn altar of Beogh.
  8066 | D:9      | Reached ** piety under Hepliaklqana
  8067 | D:9      | Remembered your ancestor Titan as a hexer
  8098 | D:9      | Found Ewofunas's Antique Armour Boutique.
  8103 | D:9      | Noticed a two-headed ogre
  8112 | D:9      | Killed a two-headed ogre
  8112 | D:9      | Reached skill level 11 in Long Blades
  8235 | D:9      | Found Dadohef's Weapon Shoppe.
  8241 | D:9      | Found Caps's Antique Weapon Shoppe.
  8335 | D:9      | Reached skill level 5 in Dodging
  8335 | D:9      | Reached XP level 11. HP: 75/75 MP: 14/14
  8347 | D:9      | Noticed a centaur warrior
  8353 | D:9      | Killed a centaur warrior
  8509 | D:9      | Found a staircase to the Orcish Mines.
  8683 | D:9      | Found Xuekhlig's Book Emporium.
  8986 | D:9      | Found a shimmering altar of Xom.
  9013 | Orc:1    | Entered Level 1 of the Orcish Mines
  9254 | Orc:1    | Reached *** piety under Hepliaklqana
  9317 | D:9      | Bought a warped plate armour for 840 gold pieces
  9327 | D:9      | Identified the cursed +1 plate armour "Wixigo" {rCorr} (You
                  | bought it in a shop on level 9 of the Dungeon)
  9402 | D:10     | Entered Level 10 of the Dungeon
  9685 | Orc:1    | Noticed an orc warlord
  9686 | Orc:1    | Reached skill level 12 in Long Blades
  9713 | Orc:1    | Killed an orc warlord
  9946 | Orc:1    | Noticed an orc knight
  9987 | Orc:1    | Killed an orc knight
 10223 | D:10     | Found Efol's Assorted Antiques.
 10283 | D:10     | Reached XP level 12. HP: 84/84 MP: 17/17
 10541 | D:10     | Reached **** piety under Hepliaklqana
 10557 | D:10     | Reached skill level 1 in Evocations
 10913 | D:11     | Reached skill level 13 in Long Blades
 10944 | D:11     | Found a staircase to the Lair.
 11774 | D:11     | Noticed a two-headed ogre
 11780 | D:11     | Killed a two-headed ogre
 11921 | Lair:1   | Entered Level 1 of the Lair of Beasts
 12303 | Lair:1   | Reached ***** piety under Hepliaklqana
 12719 | Lair:2   | Reached skill level 14 in Long Blades
 12946 | Lair:2   | Found a staircase to the Snake Pit.
 12949 | Lair:2   | Reached skill level 10 in Fighting
 13024 | Lair:2   | Noticed a five-headed hydra
 13024 | Lair:2   | Noticed a six-headed hydra
 13032 | Lair:2   | Killed a five-headed hydra
 13063 | Lair:2   | Killed a six-headed hydra
 13063 | Lair:2   | Reached XP level 13. HP: 43/92 MP: 19/19
 13398 | Lair:2   | Identified the Handbook of the Oath and Moulding
 13411 | Lair:2   | Identified the cursed +1 ring mail of Grand Liberty {+Fly
                  | Dex+3} (You found it on level 2 of the Lair of Beasts)
 13507 | Lair:3   | Found a dark tunnel.
 13517 | Volcano  | Entered a volcano
 13804 | Volcano  | Found a bloodstained altar of Trog.
 13810 | Volcano  | Reached skill level 5 in Conjurations
 13970 | Volcano  | Noticed a fire dragon
 13983 | Volcano  | Killed a fire dragon
 14212 | Lair:3   | Noticed Fannar
 14217 | Lair:3   | Killed Fannar
 14432 | Lair:3   | Found the +3 sling "Punk" {acid, rCorr}
 14843 | Lair:3   | Found a staircase to the Swamp.
 14848 | Lair:3   | Reached skill level 15 in Long Blades
 15769 | Lair:4   | Identified the +4 mace of Distraction {drain, Int+10 Dex+8}
                  | (You found it on level 4 of the Lair of Beasts)
 16209 | Lair:5   | Noticed an entropy weaver
 16474 | Lair:5   | Noticed an entropy weaver
 16481 | Lair:4   | Killed an entropy weaver
 16584 | Lair:4   | Killed an entropy weaver
 16588 | Lair:4   | Gained mutation: A weak demonic guardian rushes to your
                  | aid. [demonic ancestry]
 16588 | Lair:4   | Reached XP level 14. HP: 36/101 MP: 20/20
 17493 | Lair:5   | Reached ****** piety under Hepliaklqana
 17927 | D:12     | Reached skill level 16 in Long Blades
 17971 | D:12     | Slain by a meliai

Illustrated notes

Levels and vault maps discovered:
D:1:      roderic_dead_forest, layout_basic
D:2:      layout_rooms, minmay_hedge_maze
D:3:      wad_river_or_something, layout_basic
D:4:      layout_basic, minmay_overflow_temple_star_quad, serial_shops, shop
D:5:      layout_gridville, uniq_menkaure
D:6:      layout_loops_ring, uniq_grinder, uniq_pikel, uniq_prince_ribbit1,
          uniq_blork_the_orc
D:7:      minmay_chambers_of_sevens, layout_basic, minmay_temple_entry_mist,
          nicolae_dithmenos_through_a_glass_darkly
D:8:      layout_basic, eat_drink_and_be_merry_uskayaw,
          overflow_temple_1_default, special_room [special_room_orc]
D:9:      minmay_curly_fans, layout_long_grid, kennysheep_mini_moat,
          kennysheep_orc_monster_closet_entryway, serial_shops,
          nicolae_shop_crystal, shop, nicolae_shop_window_shopping, shop
D:10:     layout_stronghold, serial_shops, nicolae_shop_trees
D:11:     layout_basic, lair_entry_dummy, minivault_15
D:12:     layout_roguey [special_room_bee]
Lair:1:   layout_roguey
Lair:2:   statuecave_lemuel, layout_misc_corridors, dummy_snake_entry
Lair:3:   layout_small_grid, minmay_swamp_entry_worms,
          nicolae_volcano_entry_two_sided, cheibrodos_lair_lostbears,
          serial_bayou_shore_b, serial_bayou_shore_a, uniq_fannar
Lair:4:   layout_long_grid, grunt_forest_large_clearings
Lair:5:   layout_regular_city, minivault_29
Orc:1:    layout_caves

Skill      XL: |  1  2  3  4  5  6  7  8  9 10 11 12 13 14 |
---------------+-------------------------------------------+-----
Long Blades    | 2 3 4 5 6 7 9 11 12 14 15 16 | 16.1
Armour         | 3 4 6 7 |  7.0
Dodging        | 1 2 3 4 5 6 7 |  7.3
Fighting       | 4 5 6 7 8 10 11 | 11.5
Conjurations   | 2 3 4 6 |  6.3
Spellcasting   | 2 3 4 |  4.0
Evocations     | 1 |  1.2
Shields        | |  2.6

Action                   |  1- 3 |  4- 6 |  7- 9 | 10-12 | 13-15 || total
-------------------------+-------+-------+-------+-------+-------++-------
Melee: Long sword        |    95 |   192 |   187 |       |       ||   474
       Great sword       |       |       |    21 |   545 |   362 ||   928
Invok: Ancestor Identity |       |     1 |       |       |       ||     1
       Ancestor Life: He |       |       |       |     1 |       ||     1
       Recall Ancestor   |       |       |       |       |     1 ||     1
 Abil: Evoke Flight      |       |       |       |     2 |     2 ||     4
Evoke: Wand              |       |       |       |    16 |     3 ||    19
  Use: Scroll            |     5 |       |     6 |    19 |    13 ||    43
       Potion            |       |     1 |       |     7 |     4 ||    12
 Stab: Distracted        |       |       |     1 |     6 |     4 ||    11
       Confused          |       |       |       |     1 |     3 ||     4
Armor: Scale mail        |    44 |    61 |       |       |       ||   105
       Skin              |       |     2 |       |       |       ||     2
       Chain mail        |       |       |   101 |   278 |   198 ||   577
Dodge: Dodged            |    32 |    45 |    41 |   379 |   273 ||   770
Block: Kite shield       |    40 |    85 |    81 |       |       ||   206
       Rpst.: Long sword |     7 |    15 |    10 |       |       ||    32
       Great sword       |       |       |     3 |    97 |    71 ||   171

Table legend: (Time is in decaauts)
 A = Elapsed time spent in this place.
 B = Non-inter-level travel time spent in this place.
 C = Inter-level travel time spent in this place.
 D = Time resting spent in this place.
 E = Time spent auto-exploring this place.
 F = Levels seen in this place.
 G = Mean time per level.
                   A        B        C        D        E       F      G
               +--------+--------+--------+--------+--------+-----+--------+
         Total |  18154 |  17256 |    898 |   1780 |  11751 |  19 |  955.5 |
       Dungeon |  11368 |  10757 |    611 |    574 |   7998 |  12 |  947.3 |
          Lair |   5322 |   5110 |    212 |    908 |   3374 |   5 | 1064.4 |
  Orcish Mines |    820 |    746 |     74 |    170 |    264 |   1 |  820.0 |
       Volcano |    643 |    643 |      0 |    128 |    115 |   1 |  643.0 |
               +--------+--------+--------+--------+--------+-----+--------+

Top non-repeatable levels by time:
     D:6: 1575 daAuts
  Lair:3: 1429 daAuts
     D:2: 1312 daAuts
     D:9: 1245 daAuts
  Lair:4: 1227 daAuts
  Lair:5: 1065 daAuts
    D:11: 1063 daAuts
     D:8: 1044 daAuts
     D:3: 1027 daAuts
     D:4: 963 daAuts
   Orc:1: 820 daAuts
  Lair:2: 811 daAuts
    D:10: 791 daAuts
  Lair:1: 789 daAuts
     D:7: 788 daAuts
